Map: Acid Plant LE

Players

Knack

  • Race: Terran Terran
  • League: Master
  • Spawn Location: 5:00

SnapXD - Winner!

  • Race: Zerg Zerg
  • League: Diamond
  • Spawn Location: 11:00

VOD

Have the link to the VOD?

Description

Time

  • Played on: Sept. 28, 2018, 5:03 p.m.
  • Length: 17:18
Show
View Real Time Build Order
Export as new Build Order

Knack Terran 

Build Orders: Reaper Expand, Mech 

Get SALT Encoding   

  12  0:00  SCV  
  13  0:12  SCV  
  14  0:17  Supply Depot  
  14  0:25  SCV  
  15  0:38  SCV  
  15  0:40  Barracks  
  16  0:45  Refinery  
  16  0:50  SCV  
  17  1:02  SCV  
  18  1:14  SCV  
  19  1:26  Orbital Command  
  19  1:27  Reaper  
  20  1:44  Command Center  
  20  1:52  SCV  
  21  1:56  Supply Depot  
  21  2:04  Refinery, Marine  
  21  2:07  SCV  
  23  2:17  Factory  
  23  2:20  SCV  
  24  2:32  SCV  
  25  2:38  Marine  
  26  2:44  SCV  
  27  2:57  Barracks Reactor  
  27  3:01  Starport, Hellion  
  27  3:05  Orbital Command, SCV  
  30  3:09  Armory  
  30  3:17  SCV  
  31  3:29  SCV  
  32  3:38  Medivac  
  32  3:39  Hellion  
  32  3:40  Hellion  
  38  3:43  SCV x2, Factory  
  38  3:46  Refinery  
  40  3:50  Supply Depot  
  41  3:55  SCV  
  41  3:56  SCV  
  41  3:59  Terran Vehicle Weapons Level 1  
  42  4:05  Hellion  
  44  4:13  SCV x2  
  46  4:23  Hellion  
  45  4:25  SCV x2  
  46  4:37  SCV  
  46  4:41  SCV  
  46  4:42  Hellion  
  46  4:44  Factory Tech Lab  
  49  4:49  SCV, Factory  
  50  4:53  SCV  
  50  4:57  Supply Depot  
  51  5:01  SCV  
  51  5:05  SCV  
  51  5:27  Hellion x2  
  55  5:33  SCV x2  
  55  5:34  Medivac  
  55  5:35  Siege Tank  
  60  5:36  Factory Reactor  
  60  5:40  Command Center  
  60  5:41  Supply Depot  
  57  5:44  Supply Depot  
  57  5:45  SCV  
  58  5:50  Infernal Pre-Igniter  
  58  5:53  Marine  
  59  5:59  Bunker  
  59  6:00  Supply Depot  
  59  6:02  Cyclone  
  59  6:03  Cyclone  
  59  6:16  Hellion x2  
  63  6:22  SCV x2, Hellion x2  
  65  6:36  Hellion  
  65  6:37  SCV  
  62  6:45  Hellion  
  62  6:46  Siege Tank, Hellion x2  
  71  6:51  SCV x2  
  73  6:58  Terran Vehicle Weapons Level 2  
  73  7:03  SCV  
  73  7:05  Orbital Command  
  74  7:18  SCV x2  
  74  7:19  Hellion x3  
  78  7:26  Siege Tank  
  81  7:30  SCV x2  
  81  7:31  Orbital Command  
  81  7:36  Refinery  
  83  7:39  Marine  
  83  7:42  Hellion  
  83  7:43  Hellion  
  83  7:44  Hellion  
  90  7:45  Bunker  
  90  7:51  SCV, Factory  
  91  7:55  Factory  
  91  7:56  Marine  
  91  7:57  Engineering Bay  
  92  7:59  SCV  
  92  8:00  SCV  
  94  8:08  SCV  
  94  8:10  Refinery  
  94  8:11  Refinery, Thor  
  101  8:30  SCV, Marine  
  101  8:31  Missile Turret, Supply Depot, Hellion x3  
  101  8:32  Supply Depot  
  101  8:33  Missile Turret  
  109  8:43  Factory Tech Lab x2  
  109  8:50  Hellion  
  94  9:03  Siege Tank x3, Hellion x3  
  94  9:06  Missile Turret, SCV x3  
  112  9:28  Hellion x4  
  120  9:36  Supply Depot  
  120  9:37  Supply Depot  
  120  9:38  Supply Depot  
  120  9:47  Terran Vehicle Weapons Level 3  
  120  9:48  Thor  
  124  9:52  Hellion  
  124  9:55  Hellion  
  122  10:00  Siege Tank, Hellion x2  
  122  10:01  Hellion x2  
  125  10:07  Thor  
  131  10:34  Thor, Hellion x3  
  131  10:35  Hellion  
  145  10:49  Smart Servos  
  145  10:58  Thor  
  145  11:01  Hellion  
  145  11:02  Hellion  
  143  11:07  Siege Tank  
  138  11:14  Hellion  
  138  11:17  Siege Tank  
  138  11:26  Hellion x4  
  138  11:29  Hellion  
  128  11:35  Hellion x2  
  128  11:39  Siege Tank, Hellion  
  137  11:40  Sensor Tower  
  137  11:41  Siege Tank  
  137  11:46  Factory  
  142  11:47  Hellion  
  142  11:48  Factory, Command Center  
  142  11:49  Siege Tank  
  145  11:56  Supply Depot, Hellion  
  145  11:57  Supply Depot  
  145  12:04  Hellion x2  
  145  12:08  Refinery  
  149  12:11  Sensor Tower  
  149  12:13  Refinery  
  150  12:38  Sensor Tower  
  150  12:39  Sensor Tower  
  150  12:41  Siege Tank, Hellion x2  
  150  12:43  Factory Tech Lab  
  148  12:44  Factory Tech Lab  
  148  12:52  Siege Tank, Hellion x2  
  148  12:53  Siege Tank  
  148  12:54  SCV x3  
  161  13:04  Hellion x2  
  165  13:06  SCV x2  
  165  13:09  Hellion  
  169  13:19  Hellion x2  
  173  13:31  Thor  
  173  13:32  Hellion  
  175  14:01  Hellion  
  175  14:02  Hellion  
  179  14:04  Hellion  
  179  14:08  Supply Depot  
  179  14:09  Supply Depot  
  177  14:22  Thor  
  175  14:29  Thor x2  
  187  14:37  Starport Reactor  
  187  14:39  Terran Vehicle And Ship Armor Level 1  
  187  14:41  Starport  
  187  14:43  Armory  
  187  14:55  Hellion x3  
  187  14:59  Missile Turret  
  193  15:00  Missile Turret  
  193  15:01  Missile Turret  
  193  15:19  Thor  
  195  15:26  Planetary Fortress  
  187  15:29  Hellion  
  187  15:30  Hellion x2  
  186  15:37  SCV x3  
  174  15:49  SCV  
  169  15:53  SCV  
  169  15:54  SCV  
  171  16:01  SCV  
  172  16:05  SCV  
  172  16:06  SCV  
  168  16:13  SCV  
  168  16:18  SCV x2, Viking x2  
  159  16:22  SCV  
  159  16:24  Starport Reactor  
  162  16:25  SCV  
  162  16:30  SCV x2  
  165  16:34  SCV  
  148  16:47  Hellion x3  
Show
View Real Time Build Order
Export as new Build Order

SnapXD Zerg - Winner!

Build Orders: Hatch First 

Get SALT Encoding   

  12  0:01  Drone  
  13  0:12  Overlord  
  13  0:17  Drone  
  14  0:31  Drone x2  
  16  0:36  Drone  
  17  0:52  Hatchery  
  17  0:55  Drone  
  17  0:58  Drone  
  18  1:09  Extractor  
  17  1:14  Spawning Pool  
  17  1:17  Drone  
  17  1:20  Drone  
  18  1:28  Drone  
  19  1:38  Overlord  
  19  1:49  Drone  
  20  2:01  Queen  
  20  2:02  Zergling x2  
  20  2:03  Queen  
  20  2:04  Zergling x2  
  26  2:09  Metabolic Boost  
  26  2:25  Hatchery  
  26  2:28  Drone  
  26  2:32  Drone  
  26  2:36  Drone  
  27  2:38  Drone  
  27  2:39  Drone  
  29  2:50  Drone  
  29  2:51  Drone x2  
  32  2:54  Overlord  
  32  2:58  Drone  
  33  3:04  Drone  
  34  3:08  Drone  
  34  3:09  Overlord  
  34  3:12  Drone x2  
  37  3:16  Queen  
  39  3:23  Queen  
  39  3:26  Drone  
  42  3:29  Zergling x4  
  44  3:37  Queen  
  47  3:41  Drone x4  
  47  3:45  Drone  
  47  3:46  Drone x2  
  53  3:49  Overlord  
  53  3:52  Overlord  
  53  4:05  Lair  
  53  4:06  Drone x4  
  55  4:19  Queen x2  
  55  4:23  Drone  
  60  4:24  Drone x6  
  60  4:30  Spore Crawler  
  65  4:31  Spore Crawler  
  65  4:33  Spore Crawler  
  65  4:35  Drone  
  65  4:37  Drone  
  65  4:38  Drone x3  
  66  4:45  Drone  
  68  4:46  Drone  
  69  4:54  Hatchery  
  69  4:55  Hatchery  
  69  4:58  Extractor  
  66  5:00  Extractor x2  
  66  5:01  Drone x3  
  66  5:02  Extractor x2  
  59  5:15  Zergling x10  
  59  5:16  Zergling x8  
  62  5:22  Drone x4  
  60  5:40  Drone x4  
  64  5:42  Drone  
  64  5:43  Drone  
  64  5:44  Drone x3  
  68  5:51  Hydralisk Den  
  67  6:01  Drone x2  
  67  6:02  Drone x2  
  67  6:03  Drone  
  72  6:04  Drone  
  67  6:20  Queen  
  67  6:21  Drone x11  
  74  6:41  Grooved Spines  
  74  6:45  Drone  
  75  6:53  Drone x4  
  75  6:54  Drone  
  80  7:00  Queen  
  80  7:01  Queen  
  82  7:04  Overlord x7  
  84  7:10  Queen  
  79  7:28  Drone  
  79  7:29  Drone  
  81  7:30  Drone x6  
  81  7:31  Drone x2  
  81  7:35  Drone x2  
  81  7:36  Drone x5  
  96  7:37  Hydralisk x6  
  108  7:49  Hydralisk x4  
  116  7:52  Muscular Augments  
  116  7:56  Drone x2, Evolution Chamber x2  
  116  8:01  Spine Crawler  
  116  8:03  Spine Crawler  
  114  8:15  Hydralisk x4  
  114  8:16  Infestation Pit  
  114  8:18  Spine Crawler, Hydralisk  
  122  8:23  Hydralisk x3  
  128  8:29  Zerg Ground Armor Level 1  
  119  9:00  Drone x8  
  118  9:07  Drone x12  
  118  9:08  Hydralisk x5  
  140  9:20  Drone  
  141  9:30  Hive  
  141  9:34  Baneling Nest  
  140  9:48  Zerg Missile Weapons Level 1  
  140  9:52  Roach Warren  
  126  10:06  Drone x7  
  133  10:11  Spine Crawler  
  133  10:12  Spine Crawler  
  133  10:13  Spine Crawler  
  130  10:25  Drone  
  130  10:26  Spire, Drone  
  130  10:27  Drone  
  132  10:29  Drone  
  132  10:32  Overlord x8  
  132  10:33  Overseer  
  132  10:34  Glial Reconstitution  
  130  10:54  Viper x3  
  139  10:57  Hydralisk x15  
  169  11:22  Zerg Ground Armor Level 2  
  157  11:42  Greater Spire  
  157  11:52  Queen  
  157  11:54  Drone x10  
  168  11:58  Extractor  
  168  12:03  Extractor, Zerg Missile Weapons Level 2  
  168  12:05  Roach x8  
  168  12:06  Roach x7  
  197  12:12  Hatchery  
  197  12:14  Drone x5  
  197  12:15  Drone x3  
  197  12:19  Drone x3  
  197  12:20  Drone x3  
  196  12:32  Overseer  
  196  12:39  Drone x2  
  198  12:50  Spine Crawler  
  197  13:09  Overlord x5  
  197  13:18  Spine Crawler  
  197  13:19  Spine Crawler x2  
  194  13:20  Spine Crawler  
  189  13:31  Drone x7  
  192  13:47  Corruptor x4  
  200  13:51  Zerg Flyer Weapons Level 1  
  200  13:52  Zerg Ground Armor Level 3  
  182  14:13  Spine Crawler x2  
  180  14:19  Spine Crawler  
  177  14:24  Corruptor x8  
  193  14:42  Brood Lord x3  
  199  15:14  Drone  
  199  15:21  Brood Lord  
  184  15:46  Brood Lord x6  
  184  15:47  Brood Lord  
  182  16:15  Roach x12  
  182  16:16  Hydralisk x4  
  200  16:32  Hydralisk x6  
  184  16:56  Zergling x10  
  184  16:57  Zergling x12  
Tags
 
Add a new tag
Caveats
  • Supply blocks, unpowered buildings, or Contaminate may cause inaccurate times.
  • Supply counts are checked every 10 seconds.